 Dungeon Crawl Stone Soup version 0.21.1-1-g345015fe64 (webtiles) character file.

128 KleinerIrrer the Chopper (level 5, -1/41 HPs)
             Began as a Formicid Fighter on Apr 13, 2018.
             Slain by a gnoll
             ... wielding a +0 spear
              (6 damage)
             ... on level 2 of the Dungeon.
             The game lasted 00:00:22 (991 turns).

KleinerIrrer the Chopper (Formicid Fighter)          Turns: 991, Time: 00:00:22

Health: -1/41      AC:  6    Str: 22    XL:     5   Next: 34%
Magic:  5/5        EV:  8    Int:  7    God:
Gold:   27         SH:  9    Dex: 10    Spells: 4/4 levels left

rFire    . . .     SeeInvis +   Y - +0 war axe
rCold    . . .     Gourm    .   c - +0 shield
rNeg     . . .     Faith    .   b - +0 scale mail
rPois    .         Spirit   .   (helmet unavailable)
rElec    .         Reflect  .   (no cloak)
rCorr    .         Harm     .   (no gloves)
MR       .....                  (no boots)
Stlth    ..........             (no amulet)
HPRegen  0.13/turn              (no ring)
MPRegen  0.09/turn              (no ring)

@: no status effects
A: permanent stasis, dig shafts and tunnels, four strong arms, antennae 3
a: Dig, Shaft Self


You were on level 2 of the Dungeon.
You were not hungry.

You visited 1 branch of the dungeon, and saw 2 of its levels.

You collected 27 gold pieces.


Innate Abilities, Weirdness & Mutations

You cannot be hasted, slowed, berserked, paralysed or teleported.
You can dig through walls and to a lower floor.
Your four strong arms can wield two-handed weapons with a shield.
You have a pair of large antennae on your head. (SInv)


   Skills:
 - Level 3.2 Fighting
 - Level 5.0 Axes
 - Level 3.2 Armour
 + Level 0.8 Dodging
 - Level 3.6 Shields


You had 4 spell levels left.
You didn't know any spells.

Inventory:

Hand Weapons
 l - a +0 whip
 Y - a +0 war axe (weapon)
Armour
 b - a +0 scale mail (worn)
 c - a +0 shield (worn)
 e - a +2 leather armour of fire resistance
Scrolls
 a - a scroll of teleportation {unknown}
Potions
 d - a potion of might
 g - a potion of curing {unknown}
 j - a potion of berserk rage {unknown}
Comestibles
 f - a ration
 h - a chunk of flesh

Dungeon Overview and Level Annotations

Branches:
Dungeon (2/15)

Altars:


Message History

The gnoll completely misses you. The orc barely misses you.
You hit the orc.
The orc is almost dead.
You hit the gnoll. The gnoll closely misses you. You block the gnoll's attack.
The gnoll hits you from afar with a spear.
The gnoll barely misses you. The orc barely misses you.
You hit the orc.
You kill the orc!
You hit the gnoll. You block the gnoll's attack.
The gnoll hits you from afar with a spear.
The gnoll barely misses you. The gnoll hits you but does no damage.
The gnoll hits you. The gnoll closely misses you.
You slash the gnoll!
You kill the gnoll!
You block the gnoll's attack. The gnoll closely misses you.
The gnoll hits you from afar with a spear.
The gnoll hits you with a spear.
You die...

..#...##
#......###
###........#
...........#
#.#.......#
#.....gs#.#
#..gg##.#
#..)@...#
#...)(..#####.. {
#....#.%.......
#................r
#...##...........
#.......#####.(.#
##......# #...#
#########.#####
#.(.# #.......#.#
#...#


You could see 3 gnolls and a giant cockroach.

Vanquished Creatures
  2 orc wizards (D:2)
  A gnoll (D:2)
  2 adders (D:2)
  A leopard gecko (D:2)
  2 orcs (D:2)
  A ball python (D:2)
  3 giant cockroaches (D:1)
  6 goblins (D:1)
  7 hobgoblins (D:1)
  4 jackals (D:1)
  2 bats (D:1)
  4 frilled lizards
  4 kobolds (D:1)
  4 rats
43 creatures vanquished.

Notes
Turn   | Place    | Note
-------+----------+-------------------------------------------
     0 | D:1      | KleinerIrrer the Formicid Fighter began the quest for the Orb.
     0 | D:1      | Reached XP level 1. HP: 18/18 MP: 1/1
     0 | D:1      | 0 ||| counter = 74
   120 | D:1      | Reached XP level 2. HP: 23/24 MP: 2/2
   192 | D:1      | Reached skill level 3 in Axes
   339 | D:1      | Reached XP level 3. HP: 29/29 MP: 3/3
   604 | D:1      | 604 ||| DROPPING club.
   719 | D:1      | 719 ||| READING scroll labeled NALYIH RAORCHOI.
   720 | D:1      | 720 ||| READING scroll labeled SEATUL MUIZ.
   721 | D:1      | 721 ||| READING scroll labeled XEIR LAATSENO.
   824 | D:2      | Reached skill level 4 in Axes
   824 | D:2      | Reached XP level 4. HP: 35/35 MP: 4/4
   979 | D:2      | Reached skill level 5 in Axes
   979 | D:2      | Reached XP level 5. HP: 37/41 MP: 5/5
   989 | D:2      | HP: 10/41 [gnoll/spear (1)]
   991 | D:2      | Slain by a gnoll

Vault maps used:
D:1:      dpeg_arrival_shrine, minmay_misc_feat_cross

Skill      XL: |  1  2  3  4 |
---------------+-------------+-----
Axes           | 3 4 5 |  5.0
Fighting       | |  3.2
Armour         | |  3.2
Dodging        | |  0.8
Shields        | |  3.6

Action                   |  1- 3 |  4- 6 || total
-------------------------+-------+-------++-------
Melee: War axe           |   104 |    28 ||   132
  Use: Scroll            |     3 |       ||     3
  Eat: Chunk             |       |     1 ||     1
Armor: Scale mail        |    38 |    10 ||    48
Dodge: Dodged            |    32 |    22 ||    54
Block: Shield            |    42 |    23 ||    65

Table legend:
 A = Spawn XP
 B = Non-spawn XP
 C = Spawn XP percentage of total XP
 D = Spawn monster count
 E = Non-spawn monster count
 F = Spawn count percentage of total count
 G = Total turns spent on level
                    A         B        C        D         E        F      G
               +---------+---------+-------+---------+---------+-------+---------
         Total |       0 |     184 |   0.0 |       0 |      43 |   0.0 |   991
               +---------+---------+-------+---------+---------+-------+---------
           D:1 |       0 |      53 |   0.0 |       0 |      32 |   0.0 |   757
           D:2 |       0 |     131 |   0.0 |       0 |      11 |   0.0 |   234
               +---------+---------+-------+---------+---------+-------+---------
